 Dungeon Crawl Stone Soup version 0.22.1 (webtiles) character file.

41 Markonkel the Firebug (level 3, -5/19 HPs)
             Began as a Gargoyle Fire Elementalist on Sept 17, 2018.
             Was a Follower of Okawaru.
             Slain by Sigmund
             ... wielding a +0 scythe of venom
              (15 damage)
             ... on level 3 of the Dungeon.
             The game lasted 00:19:04 (2456 turns).

Markonkel the Firebug (Gargoyle Fire Elementalist)  Turns: 2456, Time: 00:19:05

Health: -5/19      AC:  5    Str: 11    XL:     3   Next: 52%
Magic:  0/6        EV: 12    Int: 16    God:    Okawaru [*.....]
Gold:   95         SH:  0    Dex: 10    Spells: 2/6 levels left

rFire    + . .     SeeInvis .   b - +0 hunting sling
rCold    + . .     Gourm    .   (no shield)
rNeg     + . .     Faith    .   p - +0 robe
rPois    ∞         Spirit   .   (no helmet)
rElec    +         Reflect  .   j - scarf {rC+ rF+}
rCorr    .         Harm     .   (no gloves)
MR       .....                  (no boots)
Stlth    ++........             (no amulet)
HPRegen  0.06/turn              (no ring)
MPRegen  0.10/turn              (no ring)

@: no status effects
A: negative energy resistance 1, electricity resistance, unbreathing,
petrification resistance, rot immunity, AC +3
a: Heroism, Renounce Religion


You were on level 3 of the Dungeon.
You worshipped Okawaru.
Okawaru was aware of your devotion.
You were hungry.

You visited 1 branch of the dungeon, and saw 3 of its levels.

You collected 95 gold pieces.

Inventory:

Hand Weapons
 b - a +0 hunting sling (weapon)
Missiles
 c - 7 tomahawks of returning
 d - 6 tomahawks
 f - 11 poisoned needles
 Q - 79 stones (quivered)
Armour
 a - a +0 robe
 j - a scarf of resistance (worn)
 o - a +0 robe
 p - a +0 robe (worn)
Scrolls
 g - 2 scrolls of fear
 i - a scroll of identify
 k - a scroll of remove curse
 q - a scroll of enchant armour {unknown}
Potions
 h - a potion of might {unknown}
 l - a potion of resistance {unknown}
 m - a potion of flight {unknown}
 n - a potion of heal wounds {unknown}
Comestibles
 e - 5 rations


   Skills:
 - Level 0.6 Slings
 - Level 1.5 Dodging
 - Level 2.1 Stealth
 + Level 2.4 Spellcasting
 + Level 2.1 Conjurations
 + Level 3.4 Fire Magic


You had 2 spell levels left.
You knew the following spells:

 Your Spells              Type           Power        Failure   Level  Hunger
a - Flame Tongue          Conj/Fire      ##...        6%          1    #......
c - Conjure Flame         Conj/Fire      ##......     19%         3    ###....

Your spell library contained the following spells:

 Spells                   Type           Power        Failure   Level  Hunger
 Throw Flame              Conj/Fire      ##....       10%         2    ###....
 Inner Flame              Hex/Fire       #.......     28%         3    ###....
 Sticky Flame             Conj/Fire      ##......     52%         4    #####..
 Fireball                 Conj/Fire      ##........   86%         5    ######.


Dungeon Overview and Level Annotations

Branches:
Dungeon (3/15)

Altars:
Okawaru

Annotations:
D:3 Sigmund


Innate Abilities, Weirdness & Mutations

You are resistant to torment.
Your stone body is resilient. (AC +3)
You are immune to poison.
You resist negative energy. (rN+)
You are resistant to electric shocks. (rElec)
You can survive without breathing.
You are immune to petrification.
You are immune to rotting.


Message History

Sigmund flickers and vanishes!
Deactivating autopickup; reactivate with Ctrl-A.
You can't see any susceptible monsters within range! (Use Z to cast anyway.)
You don't know that spell.
* * * LOW MAGIC WARNING * * *
Something barely misses you.
You now have 1/6 mp.
No target in view!
You can't see any susceptible monsters within range! (Use Z to cast anyway.)
* * * LOW MAGIC WARNING * * *
You now have 0/6 mp.
You don't have enough magic to cast that spell.
Firing (i - inventory. (/) - cycle)
Q - 81 stones (quivered)
You shoot a stone. Something hits you.
* * * LOW HITPOINT WARNING * * *
You take 6 damage, and have 10/19 hp.
MASSIVE DAMAGE!!
Firing (i - inventory. (/) - cycle)
Q - 80 stones (quivered)
You shoot a stone. Something hits you!
Ouch! That really hurt!
You die...

##<♣♣♣♣♣♣
........
<..... .....
#.$. #.{
#§########
####@(.((....
#...(#.####.#
#..^.#.#
#....#.#
###..#.#
#...#..
#.#.#.#
#.###.#
####.###


There were no monsters in sight!

Vault maps used:
D:1:      lemuel_arrival_behind_the_door_small
D:2:      first_ration, chequers_ecumenical_altar_grove
D:3:      minmay_door_path, gammafunk_ghost_cemetery, glass_columns_c,
          minivault_26, serial_bayou_ford_a, uniq_sigmund

Notes
Turn   | Place    | Note
-------+----------+-------------------------------------------
     0 | D:1      | Markonkel the Gargoyle Fire Elementalist began the quest
                  | for the Orb.
     0 | D:1      | Reached XP level 1. HP: 10/10 MP: 3/3
    34 | D:1      | Identified a +0 hunting sling (You found it on level 1 of
                  | the Dungeon)
   136 | D:1      | Reached XP level 2. HP: 7/15 MP: 0/5
   419 | D:1      | Identified 3 scrolls of fear
   425 | D:1      | Identified a scarf of resistance (You found it on level 1
                  | of the Dungeon)
   858 | D:1      | Reached skill level 2 in Conjurations
   858 | D:1      | Reached XP level 3. HP: 19/19 MP: 4/6
   863 | D:1      | Learned a level 3 spell: Conjure Flame
  1385 | D:2      | Identified 2 scrolls of remove curse
  1386 | D:2      | Identified 2 scrolls of identify
  1386 | D:2      | Identified a +0 robe (You found it on level 2 of the
                  | Dungeon)
  1631 | D:2      | Identified a +0 robe (You found it on level 2 of the
                  | Dungeon)
  2286 | D:2      | Found a faded altar of an unknown god.
  2294 | D:2      | Became a worshipper of Warmaster Okawaru
  2294 | D:2      | Reached * piety under Okawaru
  2408 | D:3      | Noticed Sigmund
  2456 | D:3      | Identified a +0 scythe of venom
  2456 | D:3      | Slain by Sigmund

Table legend:
 A = Turns spent in this place as a percentage of turns spent in the entire game.
 B = Non-inter-level travel turns spent in this place as a percentage of non-inter-level travel turns spent in the entire game.
 C = Inter-level travel turns spent in this place as a percentage of turns spent in this place.
 D = Turns resting spent in this place as a percentage of non-inter-level travel turns spent in this place.
 E = Turns spent auto-exploring this place as a percentage of non-inter-level travel turns spent in this place.
 F = Non-inter-level travel turns spent in this place divided by the number of levels of this place that you've seen.
                   A       B       C       D       E      F
               +-------+-------+-------+-------+-------+----------------------
         Total | 100.0 | 100.0 |   4.4 |   1.0 |  78.4 | 782.3
       Dungeon | 100.0 | 100.0 |   4.4 |   1.0 |  78.4 | 782.3
               +-------+-------+-------+-------+-------+----------------------

Table legend:
 A = Kills in this place as a percentage of kills in entire the game.
 B = Kills by you in this place as a percentage of kills by you in the entire game.
 C = Kills by friends in this place as a percentage of kills by friends in the entire game.
 D = Other kills in this place as a percentage of other kills in the entire game.
 E = Experience gained in this place as a percentage of experience gained in the entire game.
 F = Experience gained in this place divided by the number of levels of this place that you have seen.
                   A       B       C       D       E      F
               +-------+-------+-------+-------+-------+----------------------
         Total | 100.0 | 100.0 |   N/A |   N/A | 100.0 |  19.7
       Dungeon | 100.0 | 100.0 |   N/A |   N/A | 100.0 |  19.7
               +-------+-------+-------+-------+-------+----------------------

Skill      XL: |  1  2 |
---------------+-------+-----
Conjurations   | 2 |  2.1
Slings         | |  0.6
Dodging        | |  1.5
Stealth        | |  2.1
Spellcasting   | |  2.4
Fire Magic     | |  3.4

Action                   || total
-------------------------++-------
 Fire: Hunting sling     ||    88
 Cast: Flame Tongue      ||    26
       Conjure Flame     ||     1
  Use: Scroll            ||     3
  Eat: Chunk             ||     4
Armor: Robe              ||    20
Dodge: Dodged            ||    26

Vanquished Creatures
  A dart slug (D:1)
  An orc (D:3)
  4 bats (D:1)
  A giant cockroach (D:2)
  3 goblins
  3 hobgoblins (D:1)
  4 jackals
  7 kobolds
  5 frilled lizards
  6 rats
35 creatures vanquished.
